AoeStats
← Erick14mar

African Clearing

506772885Analyzed
3v3 RM · 19d ago on Sep 15, 2026· 75m 19s· 6 players
Game mode
Random Map
Map size
Normal (6 player)
Population
200
Speed
Normal
Resources
Standard
Victory
Conquest
Starting age
Dark Age
Ending age
Imperial Age
RankedLock teamsTeams togetherTeam positionsShared explorationLock speedFull tech treeHidden civsTurbo modeCheats
Victory
Defeat
🇵🇪 Goths · Peru
1274
+17
🇨🇳 Hindustanis · China
1265
+17
🇹🇼 Mongols · Taiwan
1210
+20
🇲🇽 Vietnamese · Mexico
1348
-20
🇲🇽 Wu · Mexico
1283
-18
🇲🇽 Lithuanians · Mexico
1252
-16
penguin952730
10:01 Loom
11:47 Feudal Age
12:48 Double-Bit Axe
16:42 Castle Age
15:37 Stone Mining
21:07 Bow Saw
22:03 Fletching
24:26 Ballistics
25:35 Bodkin Arrow
26:14 Padded Archer Armor
29:46 Gold Mining
31:05 Gold Shaft Mining
40:19 Imperial Age
39:21 Horse Collar
40:46 Leather Archer Armor
40:51 Bloodlines
42:17 Wheelbarrow
41:46 Husbandry
43:59 Bracer
47:13 Hand Cart
48:34 Conscription
49:00 Parthian Tactics
49:56 Town Watch
49:33 Light Cavalry
51:16 Chemistry
50:24 Scale Barding Armor
50:28 Elite Mangudai
51:32 Hussar
52:26 Forging
52:37 Chain Barding Armor
53:23 Drill
55:19 Siege Engineers
57:10 Thumb Ring
58:43 Iron Casting
60:50 Blast Furnace
60:52 Capped Ram
62:06 Siege Ram
62:15 Siege Ram
71:00 Town Patrol
Erick14mar
3:48 Loom
15:13 Feudal Age
21:48 Castle Age
41:41 Gold Mining
41:53 Fletching
48:52 Imperial Age
48:17 Pikeman
48:59 Squires
49:17 Bodkin Arrow
49:22 Padded Archer Armor
49:28 Scale Barding Armor
49:23 Scale Mail Armor
60:26 Double-Bit Axe
62:00 Wheelbarrow
61:10 Town Watch
62:01 Town Watch
62:37 Man-at-Arms
65:40 Hand Cart
65:25 Town Patrol
66:08 Ballistics
66:48 Chemistry
66:11 Horse Collar
66:20 Halberdier
66:49 Long Swordsman
67:34 Scale Mail Armor
67:45 Forging
67:35 Padded Archer Armor
67:49 Forging
68:47 Two-Handed Swordsman
70:14 Champion
JieX
7:09 Loom
8:09 Loom
11:32 Feudal Age
15:02 Double-Bit Axe
18:54 Castle Age
19:44 Forging
24:33 Scale Barding Armor
24:33 Horse Collar
27:36 Fletching
28:31 Husbandry
28:58 Chain Barding Armor
29:46 Bloodlines
35:19 Iron Casting
37:03 Town Watch
37:24 Gold Mining
39:14 Heavy Plow
45:30 Imperial Age
43:37 Wheelbarrow
44:59 Scale Mail Armor
46:04 Hand Cart
47:43 Heavy Camel Rider
49:04 Plate Barding Armor
48:14 Light Cavalry
49:39 Hussar
51:45 Blast Furnace
58:22 Bow Saw
64:51 Chain Mail Armor
69:31 Siege Elephant
70:43 Spies/Treason
Lic. Juan Sin Miedo
5:27 Loom
13:48 Feudal Age
14:19 Double-Bit Axe
19:10 Castle Age
17:20 Stone Mining
18:05 Fletching
20:07 Bodkin Arrow
23:23 Padded Archer Armor
27:55 Bow Saw
28:59 Wheelbarrow
31:41 Leather Archer Armor
36:06 Ballistics
40:35 Red Cliffs Tactics
46:34 Elite Skirmisher
Arq. Barbaelegante
3:13 Loom
13:05 Feudal Age
14:37 Town Watch
17:45 Castle Age
16:39 Fletching
17:06 Double-Bit Axe
32:40 Bodkin Arrow
33:41 Padded Archer Armor
35:26 Scale Mail Armor
34:48 Man-at-Arms
35:29 Squires
36:32 Leather Archer Armor
35:42 Long Swordsman
44:39 Ballistics
45:19 Scale Barding Armor
51:27 Imperial Age
53:54 Guard Tower
56:33 Wheelbarrow
56:59 Hand Cart
61:57 Bow Saw
64:12 Thumb Ring
63:35 Elite Rattan Archer
66:31 Bracer
72:23 Husbandry
Dr. Pulgozoo0
5:31 Loom
12:48 Feudal Age
14:15 Double-Bit Axe
17:44 Castle Age
19:09 Scale Barding Armor
25:55 Bloodlines
25:36 Town Watch
26:36 Husbandry
28:52 Chain Barding Armor
28:37 Horse Collar
30:29 Wheelbarrow
31:47 Forging
33:27 Gold Mining
33:27 Stone Mining
33:45 Heavy Plow
33:58 Bow Saw
34:45 Iron Casting
38:02 Hand Cart
41:27 Imperial Age
38:59 Scale Mail Armor
38:38 Pikeman
40:00 Squires
40:18 Chain Mail Armor
43:09 Plate Barding Armor
42:06 Cavalier
42:49 Fletching
42:30 Halberdier
49:43 Paladin
55:04 Light Cavalry
60:47 Bodkin Arrow
Connection lost

Rejoining the realm…

Still unreachable

The connection could not be restored.

Session expired

The server has moved on; the page needs a fresh start.